 Dungeon Crawl Stone Soup version 0.24.0-13-gcf9b3192b9 (webtiles) character file.

Game seed: 4999351000961507166, levelgen mode: classic

44 EnegeticOcto the Skirmisher (level 3, -1/33 HPs)
             Began as a Minotaur Fighter on Nov 9, 2019.
             Slain by Sigmund
             ... wielding a +2 vampiric scythe
              (5 damage)
             ... on level 2 of the Dungeon.
             The game lasted 00:00:32 (1190 turns).

EnegeticOcto the Skirmisher (Minotaur Fighter)      Turns: 1190, Time: 00:00:32

Health: -1/33      AC:  7    Str: 21    XL:     3   Next: 39%
Magic:  2/2        EV:  8    Int:  5    God:
Gold:   124        SH:  9    Dex:  9    Spells: 2/2 levels left

rFire    . . .     SeeInvis .   a - +0 war axe
rCold    . . .     Gourm    .   c - +0 shield
rNeg     . . .     Faith    .   b - +0 scale mail
rPois    .         Spirit   .   (helmet restricted)
rElec    .         Reflect  .   (no cloak)
rCorr    .         Harm     .   (no gloves)
MR       .....                  (no boots)
Stlth    ..........             (no amulet)
HPRegen  0.11/turn              (no ring)
MPRegen  0.08/turn              (no ring)

@: no status effects
A: retaliatory headbutt, horns 2
a: no special abilities


You were on level 2 of the Dungeon.
You were not hungry.

You visited 1 branch of the dungeon, and saw 2 of its levels.

You collected 124 gold pieces.

Inventory:

Hand Weapons
 a - a +0 war axe (weapon)
Armour
 b - a +0 scale mail (worn)
 c - a +0 shield (worn)
Scrolls
 g - 2 scrolls of fear {unknown}
 i - 2 scrolls of identify {unknown}
 l - 2 scrolls of remove curse {unknown}
 m - a scroll of fog {unknown}
 n - a scroll of enchant armour {unknown}
 o - 2 scrolls of teleportation {unknown}
 p - a scroll of immolation {unknown}
Potions
 d - a potion of might {@q3 !q}
 f - 3 potions of curing {unknown}
 h - a potion of berserk rage {unknown}
 j - a potion of heal wounds {unknown}
 q - a potion of brilliance {unknown}
Comestibles
 e - 6 rations
 k - a chunk of flesh


   Skills:
 + Level 4.0 Fighting
 * Level 3.4 Axes
 + Level 3.9 Armour
 + Level 1.1 Dodging
 + Level 3.9 Shields


You had 2 spell levels left.
You didn't know any spells.
Your spell library was empty.

Dungeon Overview and Level Annotations

Branches:
Dungeon (2/15)

Altars:

Annotations:
D:2 Sigmund


Innate Abilities, Weirdness & Mutations

You reflexively headbutt those who attack you in melee.
You have a pair of horns on your head.


Message History

There are monsters nearby!
You hit the hobgoblin.
The hobgoblin is almost dead.
You slash the goblin!
You kill the goblin!
You block the hobgoblin's attack. Robin barely misses you.
You hit the hobgoblin.
You kill the hobgoblin!
Robin hits you but does no damage. You block Robin's attack.
Things that are here:
a +0 club; a +0 dagger You closely miss Robin.
You headbutt Robin.
Robin is lightly wounded.
You block Robin's attack. Robin closely misses you.
You barely miss Robin.
Robin is lightly wounded.
Robin hits you with a +0 spear of piercing.
You slash Robin!
You kill Robin!
Your Fighting skill increases to level 4!
Items here: ) [[ † a +0 spear of piercing; a +0 animal skin; a +0 helmet the hobgoblin corpse of Robin Some of the chunks of flesh in your inventory have rotted away.
Key pressed, stopping explore.
Key pressed, stopping explore.
All of the chunks of flesh in your inventory have rotted away.
You butcher the hobgoblin corpse of Robin.
k - 4 chunks of flesh
Items here: ) [[ ÷ a +0 spear of piercing; a +0 animal skin; a +0 helmet the hobgoblin skeleton of Robin
Items here: ) [[ ÷ a +0 spear of piercing; a +0 animal skin; a +0 helmet the hobgoblin skeleton of Robin
Items here: )) †† a +0 dagger; a +0 club; a goblin corpse; a hobgoblin corpse You butcher the goblin corpse.
k - 5 chunks of flesh (gained 1)
You butcher the hobgoblin corpse.
k - 6 chunks of flesh (gained 1)
Items here: )) ÷÷ a +0 dagger; a +0 club; a goblin skeleton; a hobgoblin skeleton
Items here: )) ÷÷ a +0 dagger; a +0 club; a goblin skeleton; a hobgoblin skeleton
Found 12 stones.
You see here 12 stones.
Some of the chunks of flesh in your inventory have rotted away.
q - a sedimented dark potion All of the chunks of flesh in your inventory have rotted away.
You now have 124 gold pieces (gained 15).
Found a stone staircase leading up.
You are feeling hungry.
There is a stone staircase leading up here.
Items here: )) ÷÷ a +0 dagger; a +0 club; a goblin skeleton; a hobgoblin skeleton
Things that are here:
a +0 club; a +0 dagger A goblin comes into view.
The goblin shouts!
Found a ration.
A goblin is nearby!
A goblin is nearby!
The goblin barely misses you. You furiously retaliate!
You headbutt the goblin!
You kill the goblin!
No target in view!
No target in view!
No target in view!
No target in view!
You butcher the goblin corpse.
k - 2 chunks of flesh You see here a goblin skeleton. x2
Eating one of 2 chunks of flesh.
You eat one of the 2 chunks of flesh.
This raw flesh tastes terrible.
e - 6 rations (gained 1)
You see here a robe.
A frilled lizard and Sigmund come into view.
Sigmund is wielding a +2 vampiric scythe.
The frilled lizard hisses angrily.
Sigmund drinks a potion.
Sigmund suddenly seems more agile.
Sigmund closely misses you. You block Sigmund's attack.
You closely miss Sigmund.
Sigmund gestures wildly while chanting.
Sigmund flickers and vanishes!
Deactivating autopickup; reactivate with Ctrl-A.
You barely miss something. You headbutt something! Something hits you!
You miss something. Something hits you!
You hit something. You miss the frilled lizard.
You block the frilled lizard's attack. Something hits you.
* * * LOW HITPOINT WARNING * * *
The frilled lizard bites you but does no damage.
You miss something. Your headbutt misses something. You hit the frilled lizard.
You kill the frilled lizard!
Something hits you.
* * * LOW HITPOINT WARNING * * *
You miss something. You closely miss something. Something hits you.
You die...

######### #.......# #.#
..####### ### #.# ### #.#
#.# #.# #.# #.# #.# #.#
#.# #.# #{# # ####### #.#
#@# .###
......#####.####†##.....
#####.##..........<.#
......#...#.####.##.#####
####....#...........l.l..
##.#...###.##.##(.....
#.#...# #.......#####
#.#...###.......#
#.#..#.>..##.##.#


There were no monsters in sight!

Vanquished Creatures
  Robin (D:2)
  A worm (D:2)
  A dart slug (D:1)
  2 giant cockroaches (D:1)
  10 goblins
  3 hobgoblins (D:2)
  2 kobolds (D:1)
  A quokka (D:2)
  A bat (D:2)
  3 frilled lizards
  A rat (D:1)
26 creatures vanquished.

Notes
Turn   | Place    | Note
-------+----------+-------------------------------------------
     0 | D:1      | EnegeticOcto the Minotaur Fighter began the quest for the
                  | Orb.
     0 | D:1      | Reached XP level 1. HP: 19/19 MP: 0/0
   165 | D:1      | Reached XP level 2. HP: 27/27 MP: 1/1
   784 | D:2      | Noticed Robin
   793 | D:2      | Reached skill level 1 in Dodging
   794 | D:2      | Reached XP level 3. HP: 14/33 MP: 2/2
   800 | D:2      | Killed Robin
   800 | D:2      | Reached skill level 4 in Fighting
  1179 | D:2      | Noticed Sigmund
  1190 | D:2      | Slain by Sigmund

Levels and vault maps discovered:
D:1:      dpeg_arrival_simpleton_b, layout_rooms
D:2:      layout_loops_ring, chequers_ecumenical_altar_lobes, uniq_robin,
          uniq_sigmund, uniq_crazy_yiuf_cottage

Skill      XL: |  1  2  3 |
---------------+----------+-----
Axes           | 3 |  3.4
Dodging        | 1 |  1.1
Fighting       | 4 |  4.0
Armour         | |  3.9
Shields        | |  3.9

Action                   || total
-------------------------++-------
Melee: War axe           ||    54
       Headbutt          ||     6
  Eat: Chunk             ||     1
Armor: Scale mail        ||    25
Dodge: Dodged            ||    20
Block: Shield            ||    32
